 Dungeon Crawl Stone Soup version 0.18-a0-1155-g296dcbc (webtiles) character file.

4904 Reinor the Grappler (level 10, -4/96 HPs)
             Began as a Troll Monk on Jan 23, 2016.
             Slain by a sky beast (6 damage)
             ... on level 9 of the Dungeon.
             The game lasted 00:20:22 (6409 turns).

Reinor the Grappler (Troll Monk)                    Turns: 6409, Time: 00:20:22

Health: -4/96      AC: 14    Str: 21    XL:     10   Next: 27%
Magic:  12/12      EV: 13    Int:  6    God:
Gold:   926        SH:  0    Dex: 15    Spells: 1 memorised, 8 levels left

rFire  . . .     SeeInvis .       - Unarmed
rCold  . . .     Gourm    +     n - +2 robe {MR+}
rNeg   + . .     Faith    .     (no shield)
rPois  .         Spirit   .     (helmet restricted)
rElec  .         Dismiss  .     h - +1 cloak
rCorr  .         Reflect  .     (gloves unavailable)
SustAt .         Harm     .     (boots unavailable)
MR     +....                    e - amulet of rage
Stlth  ++........               q - +5 ring of protection
                                w - ring of positive energy

@: lethally poisoned (-4 -> -5), hasted, very quick, somewhat resistant to
hostile enchantments, unstealthy
A: unfitting armour, claws 3, fast metabolism 3, gourmand, regeneration 2,
shaggy fur 1, tough skin 2
a: Evoke Berserk Rage


You were on level 9 of the Dungeon.
You were full.

You visited 2 branches of the dungeon, and saw 10 of its levels.

You collected 926 gold pieces.

Inventory:

Hand Weapons
 l - the +12 spear "Xonomuj" {freeze, rPois rF+ Dex+7}
   (You took it off a kobold on level 4 of the Dungeon)

   It has been specially enchanted to freeze those struck by it, causing extra
   injury to most foes and up to half again as much damage against particularly
   susceptible opponents.
   It can also slow down cold-blooded creatures.
   It affects your dexterity (+7).
   It protects you from fire.
   It protects you from poison.
 y - a cursed -3 arbalest
Armour
 h - a +1 cloak (worn)
 n - a +2 robe of magic resistance (worn)
Jewellery
 e - an amulet of rage (around neck)
 j - an uncursed ring of positive energy
 q - a +5 ring of protection (right claw)
 w - a ring of positive energy (left claw)
 C - an uncursed ring of teleportation
 H - an uncursed ring of protection from cold
 J - an uncursed ring of ice
Wands
 a - a wand of teleportation (7/9)
 v - a wand of draining (3/15)
 x - a wand of slowing (30/48)
 z - a wand of polymorph (9/24)
 A - a wand of flame (0/48)
 I - a wand of enslavement (5/24)
Scrolls
 g - 3 scrolls of teleportation
 i - 4 scrolls of enchant weapon
 k - a scroll of magic mapping
 F - 2 scrolls of fog
Potions
 d - 2 potions of invisibility
 m - 2 potions of lignification
 o - 6 potions of curing
 p - 2 potions of brilliance
 s - a potion of ambrosia {unknown}
 t - 2 potions of might {unknown}
 B - 2 potions of poison
 D - a potion of agility {unknown}
 E - a potion of flight
 K - 2 potions of magic {unknown}
 L - a potion of mutation {unknown}
Comestibles
 b - 7 bread rations
 f - 3 meat rations
 r - a royal jelly
 u - 2 fruits
 G - a slice of pizza


   Skills:
 - Level 5.2 Fighting
 - Level 6.1 Dodging
 - Level 1.1 Stealth
 + Level 10.6 Unarmed Combat
 - Level 2.4 Translocations
 - Level 5.0 Evocations


You had 8 spell levels left.
You knew the following spells:

 Your Spells              Type           Power        Failure   Level  Hunger
a - Apportation           Tloc           #.........   21%         1    ##.....


Dungeon Overview and Level Annotations

Branches:
Dungeon (9/15)             Temple (1/1) D:6
   Lair: D:8-11         Orc: D:9-12

Altars:
Ashenzari
Cheibriados
Dithmenos
Elyvilon
Fedhas
Gozag
Kikubaaqudgha
Makhleb
Nemelex Xobeh
Okawaru
Pakellas
Qazlal
Ru
Sif Muna
Trog
Vehumet
Xom
Yredelemnul
Zin
The Shining One

Shops:
D:6 *


Innate Abilities, Weirdness & Mutations

You are too large for most types of armour.
You have claws for hands.
Your metabolism is lightning-fast.
You like to eat raw meat.
You heal very quickly.
You are covered in fur (AC +1).
You have very tough skin (AC +2).


Message History

The yak gores you!
* * * LOW HITPOINT WARNING * * *
A sky beast appears from thin air!
Reactivating autopickup.
The sky beast hits you but does no damage.
The yak gores you but does no damage.
Drink which item? (? for menu, Esc to quit)
It was a potion of poison.
That liquid tasted very nasty...
You are poisoned.
You feel sick. The yak gores you!
* * * LOW HITPOINT WARNING * * *
The sky beast hits you but does no damage.
The yak gores you!
* * * LOW HITPOINT WARNING * * *
Drink which item? (? for menu, Esc to quit)
You feel yourself speed up.
You feel sick. The yak closely misses you. The sky beast hits you.
* * * LOW HITPOINT WARNING * * *
The sky beast shocks you.
You die...

#... ..
... . ..#
. ..# .
#. #.#
..##.##.#
........#
#..Y.#
##.Y@#
#.#Y#
#...ZY
#..#...
<..#####
#.. #..
#.


You could see 3 yaks, a sky beast and a giant frog skeleton.

Vanquished Creatures
  Joseph (D:7)
  An ice statue (D:8)
  Sigmund (D:3)
  3 yaks (D:9)
  Grum (D:8)
  A steam dragon (D:8)
  3 wolves (D:8)
  An orc warrior (D:8)
  2 sky beasts (D:8)
  A wasp (D:8)
  A phantom (D:8)
  A centaur (D:5)
  7 ogres
  A big kobold (D:4)
  4 giant frogs
  Blork the orc (D:4)
  A gnoll sergeant (D:7)
  5 scorpions
  5 wights (D:7)
  2 giant frog zombies
  2 crimson imps
  2 quasits (D:8)
  A centaur zombie (D:6)
  A centaur skeleton (D:7)
  A jelly (D:7)
  An orc priest (D:4)
  3 hounds
  2 iguanas
  5 orc wizards
  4 worker ants
  A killer bee zombie (D:7)
  A hound skeleton (D:7)
  13 gnolls
  8 adders
  A shadow imp (D:8)
  4 oozes
  5 worms
  2 giant geckos
  24 orcs
  3 ball pythons
  3 giant cockroaches
  9 goblins
  9 hobgoblins
  17 jackals
  23 kobolds
  5 quokkas
  6 bats
  8 giant newts
  A jackal skeleton (D:6)
  A quokka zombie (D:8)
  4 rats
213 creatures vanquished.

Vanquished Creatures (others)
  A kobold (D:4)
1 creature vanquished.

Grand Total: 214 creatures vanquished

Notes
Turn   | Place    | Note
--------------------------------------------------------------
     0 | D:1      | Reinor the Troll Monk began the quest for the Orb.
     0 | D:1      | Reached XP level 1. HP: 22/22 MP: 0/0
    51 | D:1      | Reached XP level 2. HP: 29/29 MP: 1/1
   489 | D:1      | Reached skill level 5 in Unarmed Combat
   513 | D:1      | Reached XP level 3. HP: 36/36 MP: 2/2
   848 | D:2      | Found a snail-covered altar of Cheibriados.
   848 | D:2      | Found an oddly glowing altar of Pakellas.
   858 | D:2      | Found a shattered altar of Ashenzari.
   917 | D:2      | Found a shadowy altar of Dithmenos.
  1370 | D:3      | Noticed Sigmund
  1373 | D:3      | Reached XP level 4. HP: 44/44 MP: 3/3
  1528 | D:3      | Reached skill level 6 in Unarmed Combat
  1589 | D:3      | Killed Sigmund
  1589 | D:3      | Reached XP level 5. HP: 36/54 MP: 4/4
  1698 | D:3      | Reached XP level 6. HP: 62/62 MP: 5/5
  2411 | D:4      | Reached skill level 5 in Fighting
  2574 | D:4      | Found a shimmering altar of Xom.
  2665 | D:4      | Got a crude spear {freeze}
  2666 | D:4      | Identified the +12 spear "Xonomuj" {freeze, rPois rF+ Dex+7} (You took it off a kobold on level 4 of the Dungeon)
  2814 | D:4      | Reached XP level 7. HP: 51/72 MP: 6/6
  3165 | D:4      | Noticed Blork the orc
  3172 | D:4      | Killed Blork the orc
  3332 | D:5      | Entered Level 5 of the Dungeon
  3468 | D:5      | Reached skill level 5 in Dodging
  3614 | D:5      | Reached XP level 8. HP: 76/80 MP: 7/7
  3994 | D:6      | Found a staircase to the Ecumenical Temple.
  4016 | Temple   | Entered the Ecumenical Temple
  4112 | D:6      | Reached skill level 1 in Evocations
  4353 | D:6      | Found Zin's Purification Station.
  4353 | D:6      | Found a glowing silver altar of Zin.
  4800 | D:7      | Learned a level 1 spell: Apportation
  4907 | D:7      | Reached skill level 1 in Translocations
  5133 | D:7      | Noticed Joseph
  5148 | D:7      | Killed Joseph
  5148 | D:7      | Reached XP level 9. HP: 44/88 MP: 11/11
  5242 | D:7      | Reached skill level 5 in Evocations
  5732 | D:8      | Paralysed by a wasp for 2 turns
  5740 | D:8      | Reached skill level 7 in Unarmed Combat
  5923 | D:8      | Noticed Grum
  5929 | D:8      | Reached skill level 8 in Unarmed Combat
  5938 | D:8      | Killed Grum
  5945 | D:8      | Reached skill level 9 in Unarmed Combat
  6083 | D:8      | Reached XP level 10. HP: 87/96 MP: 12/12
  6166 | D:8      | Found a radiant altar of Vehumet.
  6167 | D:8      | Found a burning altar of Makhleb.
  6325 | D:8      | Noticed an ice statue
  6349 | D:8      | Killed an ice statue
  6349 | D:8      | Reached skill level 10 in Unarmed Combat
  6409 | D:9      | HP: 2/96 [sky beast (3)]
  6409 | D:9      | Slain by a sky beast

Vault maps used:
D:1:      erik_arrival_gehennom
D:2:      nicolae_dithmenos_shadow_blocks, gammafunk_temple_overflow_forgotten,
          first_bread
D:3:      uniq_sigmund
D:4:      kennysheep_kobold_camp, nicolae_overflow_hidden_temple,
          uniq_blork_the_orc
D:5:      kennysheep_boxes
D:6:      zin_purify, minmay_temple_entry_junction2, kennysheep_generic_room_16
D:7:      uniq_joseph
D:8:      lemuel_ice_statue, grunt_temple_overflow_lords_of_destruction,
          uniq_grum
D:9:      lair_0_dummy, zombieorc2_lemuel, serial_shops, shop
Temple:   circular_temple_12

Action                   |  1- 3 |  4- 6 |  7- 9 | 10-12 || total
-------------------------+-------+-------+-------+-------++-------
Melee: Unarmed           |    99 |   109 |   405 |    54 ||   667
  Use: Scroll            |     5 |     4 |     8 |     2 ||    19
       Potion            |     2 |     1 |       |     3 ||     6
 Stab: Sleeping          |       |     2 |     4 |       ||     6
  Eat: Chunk             |    18 |     7 |    36 |     1 ||    62
